cohdb
Replays
Latest Replays
All Replays
Popular Replays
Top Player Replays
Match Explorer
How It Works
Community
CoH3 Stats
Reddit
Sign in to upload your games and track your stats! →
Sign in with Steam
Match 41115566
Unlisted
Match 41115566
Overview
Messages
Build Orders
End
Royal Engineer Section
Construct Section Command Post
Infantry Section
Infantry Section
Selects Canadian Shock Battlegroup
Selects Offensive Resupply
Selects Canadian Shock Section
Canadian Shock Section
Construct Platoon Command Post
6-pounder Anti-tank Gun Team
Construct Company Command Post
Foot Guards Section
Crusader II Medium Tank
Selects Incendiary Munitions
Selects Pyrotechnics
Construct Field Infirmary
Matilda II Heavy Tank
Selects Churchill Crocodile Heavy Tank
nub
FutureNP
Swan
eliass0101
0
0
Comments
sign in to comment!
No comments posted yet!